 Dungeon Crawl Stone Soup version 0.20.1-1-g8b1a95d (webtiles) character file.

20219 edgrey the Basher (level 12, -3/110 HPs)
             Began as a Hill Orc Fighter on Sept 30, 2017.
             Was a Believer of the Shining One.
             Slain by a salamander
             ... wielding a +1 glaive
              (5 damage)
             ... on level 1 of the Snake Pit.
             The game lasted 01:54:07 (13637 turns).

edgrey the Basher (Hill Orc Fighter)               Turns: 13637, Time: 01:54:12

Health: -3/110     AC: 20    Str: 23    XL:     12   Next: 77%
Magic:  13/13      EV:  9    Int: 10    God:    the Shining One [**....]
Gold:   753        SH: 12    Dex: 11    Spells: 11/11 levels left

rFire    + . .     SeeInvis .   F - +1 flail (holy)
rCold    + . .     Gourm    +   c - +0 shield
rNeg     + . .     Faith    .   y - +2 chain mail {rPois}
rPois    +         Spirit   .   (helmet restricted)
rElec    .         Reflect  .   D - +2 cloak
rCorr    .         Harm     .   i - +0 pair of gloves
MR       .....                  E - +0 pair of boots {run}
Stlth    ..........             k - amulet of the gourmand
Regen    0.3/turn               z - ring of protection from cold
MPRegen  0.2/turn               a - ring of protection from fire

@: glowing, quick
A: horns 1, clever 1
a: Divine Shield, Renounce Religion


You were on level 1 of the Snake Pit.
You worshipped the Shining One.
The Shining One was pleased with you.
You were not hungry.

You visited 5 branches of the dungeon, and saw 14 of its levels.

You collected 753 gold pieces.

Inventory:

Hand Weapons
 d - a +0 dire flail
 F - a +1 flail of holy wrath (weapon)
 H - a +4 falchion
 K - a +1 whip of electrocution
Armour
 b - a +0 scale mail
 c - a +0 shield (worn)
 h - a +0 pair of boots
 i - a +0 pair of gloves (worn)
 y - a +2 chain mail of poison resistance (worn)
 D - a +2 cloak (worn)
 E - a +0 pair of boots of running (worn)
Magical Staves
 v - an uncursed staff of fire {unknown}
 N - an uncursed staff of cold {unknown}
Jewellery
 a - a ring of protection from fire (right hand)
 k - an amulet of the gourmand (around neck)
 o - an uncursed amulet of guardian spirit
 t - an uncursed ring of magical power
 x - an uncursed ring of see invisible
 z - a ring of protection from cold (left hand)
 A - an uncursed ring of flight
 J - an uncursed amulet of harm
 T - a cursed ring of teleportation
Wands
 p - a wand of digging (6/24)
 B - a wand of polymorph (12/24)
 G - a wand of enslavement (14/24)
 S - a wand of scattershot (0/9)
Scrolls
 j - 4 scrolls of remove curse
 m - a scroll of random uselessness
 I - a scroll of immolation
 V - 2 scrolls of recharging
 W - a scroll of acquirement
Potions
 q - a potion of brilliance
 u - a potion of resistance
 w - a potion of might
 O - 2 potions of cancellation
 P - 2 potions of flight
Books
 r - a book of Conjurations

   Spells                             Type                      Level
   a - Magic Dart                     Conjuration                  1
   b - Searing Ray                    Conjuration                  2
   c - Dazzling Spray                 Conjuration/Hexes            3
   d - Fulminant Prism                Conjuration/Hexes            4
   e - Force Lance                    Conjuration/Translocation    4
   f - Iskenderun's Mystic Blast      Conjuration                  4
 Y - a book of Necromancy

   Spells                             Type                      Level
   a - Pain                           Necromancy                   1
   b - Animate Skeleton               Necromancy                   1
   c - Vampiric Draining              Necromancy                   3
   d - Regeneration                   Charms/Necromancy            3
   e - Animate Dead                   Necromancy                   4
   f - Control Undead                 Necromancy                   4
   The Shining One disapproves of the use of such an item.
Miscellaneous
 X - a phantom mirror
Comestibles
 f - 5 bread rations
 l - 12 fruits
 n - 10 meat rations
 Z - a royal jelly


   Skills:
 + Level 11.2 Fighting
 + Level 12.8 Maces & Flails
 + Level 11.6 Armour
 + Level 2.8 Dodging
 + Level 1.3 Stealth
 + Level 10.6 Shields
 + Level 2.1 Evocations


You had 11 spell levels left.
You didn't know any spells.

Dungeon Overview and Level Annotations

Branches:
Dungeon (8/15)             Temple (1/1) D:5            Lair (3/6) D:8
  Swamp (1/4) Lair:2        Snake (1/4) Lair:3

Altars:
Ashenzari
Cheibriados
Dithmenos
Elyvilon
Fedhas
Gozag
Hepliaklqana
Kikubaaqudgha
Makhleb
Nemelex Xobeh
Okawaru
Qazlal
Ru
Sif Muna
Trog
Uskayaw
Vehumet
Xom
Yredelemnul
Zin
The Shining One

Shops:
D:6 *


Innate Abilities, Weirdness & Mutations

You have a pair of small horns on your head.
Your mind is acute. (Int +2)


Message History

Here: a shock serpent (heavily wounded, haloed)
The floor, spattered with blood.
You don't know any spells.
Evoke which item? (* to show all) (? for menu, Esc to quit)
Aiming: Enslavement (will waste charges)
Press: ? - help, Shift-Dir - straight line, f - shock serpent
Aim: a shock serpent (heavily wounded, haloed, chance to defeat MR: 34%)
The shock serpent easily resists.
Evoking this partially-identified wand wasted a few charges.
The shock serpent shoots out a bolt of lightning at you!
The bolt of electricity hits you!
* * * LOW HITPOINT WARNING * * *
The shock serpent bites you.
* * * LOW HITPOINT WARNING * * *
The shock serpent shocks you!
* * * LOW HITPOINT WARNING * * *
The salamander hits you from afar with an enchanted glaive.
* * * LOW HITPOINT WARNING * * *
You are engulfed in flames.
You resist.
You die...

#############
####............
###.....S@.#
###......N########
###.........#......##
###.........S..........
##......................
#....)....).............
.............##.#.......
...#...>....#####.......
...###.....## #.(....


You could see a salamander and a shock serpent.

Vanquished Creatures
  4 hydras
  An alligator (Swamp:1)
  Pikel (D:8)
  2 black mambas (Snake:1)
  Joseph (D:8)
  Maurice (D:8)
  Psyche (D:8)
  A torpor snail (Lair:3)
  A naga mage (Snake:1)
  4 spiny frogs
  5 komodo dragons
  6 polar bears
  11 blink frogs (Lair:3)
  Grinder (D:3)
  Prince Ribbit (D:5)
  15 yaks
  Eustachio (D:6)
  4 basilisks
  A hungry ghost (D:7)
  6 nagas
  3 water moccasins (Lair:2)
  3 porcupines (D:8)
  2 orc warriors
  An ice beast (D:8)
  An ogre (D:8)
  4 centaurs
  2 phantoms
  6 wolves (Lair:3)
  9 crocodiles
  9 bullfrogs
  6 killer bees (D:8)
  3 scorpions
  2 electric eels
  2 howler monkeys (D:5)
  A quasit (D:8)
  A hound (D:5)
  A jelly (D:8)
  5 orc wizards
  2 bullfrog skeletons
  3 orc priests
  Ijyb (D:3)
  Natasha (thrice) (D:3)
  2 iguanas
  4 worker ants
  2 worker ant zombies
  7 adders
  2 shadow imps (D:5)
  2 oozes
  3 worms
  A dart slug (D:2)
  2 leopard geckos
  21 orcs
  6 giant cockroaches
  6 goblins
  9 hobgoblins
  5 jackals
  9 kobolds
  4 quokkas
  9 bats
  5 frilled lizards
  A jackal zombie (D:8)
  15 rats
  A fungus (Lair:1)
  A plant (D:3)
255 creatures vanquished.

Vanquished Creatures (others)
  A centaur skeleton (D:8)
  4 jackals (D:8)
  2 bushes (D:8)
  2 fungi (Lair:2)
  23 plants
32 creatures vanquished.

Grand Total: 287 creatures vanquished

Notes
Turn   | Place    | Note
-------+----------+-------------------------------------------
     0 | D:1      | edgrey the Hill Orc Fighter began the quest for the Orb.
     0 | D:1      | Reached XP level 1. HP: 19/19 MP: 1/1
    48 | D:1      | Found a shattered altar of Ashenzari.
   121 | D:1      | You fall through a shaft!
   253 | D:2      | Reached XP level 2. HP: 27/27 MP: 2/2
   757 | D:1      | Reached XP level 3. HP: 33/33 MP: 3/3
  1648 | D:2      | Reached skill level 3 in Maces & Flails
  1950 | D:3      | Noticed Ijyb
  1970 | D:3      | Killed Ijyb
  1970 | D:3      | Reached XP level 4. HP: 36/40 MP: 4/4
  2054 | D:3      | Noticed Grinder
  2067 | D:3      | Paralysed by Grinder for 4 turns
  2077 | D:3      | Paralysed by Grinder for 6 turns
  2099 | D:3      | Paralysed by Grinder for 2 turns
  2106 | D:3      | Killed Grinder
  2106 | D:3      | Reached skill level 5 in Maces & Flails
  2106 | D:3      | Reached XP level 5. HP: 15/47 MP: 5/5
  2106 | D:3      | Reached XP level 6. HP: 17/53 MP: 6/6
  2650 | D:3      | Noticed Natasha
  2661 | D:3      | Killed Natasha
  2964 | D:3      | Noticed Natasha
  2968 | D:3      | Killed Natasha
  3061 | D:3      | Reached XP level 7. HP: 60/60 MP: 7/7
  3176 | D:3      | Noticed Natasha
  3244 | D:3      | Killed Natasha
  3520 | D:3      | Reached skill level 5 in Fighting
  3645 | D:3      | Reached skill level 6 in Maces & Flails
  4072 | D:4      | Reached skill level 5 in Shields
  4394 | D:4      | Reached skill level 5 in Armour
  4415 | D:4      | Found a glowing golden altar of the Shining One.
  4422 | D:4      | Became a worshipper of the Shining One
  4467 | D:5      | Entered Level 5 of the Dungeon
  4505 | D:5      | Reached XP level 8. HP: 47/68 MP: 8/8
  4980 | D:5      | Found a staircase to the Ecumenical Temple.
  4985 | D:5      | Reached skill level 7 in Maces & Flails
  5001 | Temple   | Entered the Ecumenical Temple
  5268 | D:6      | Found a shimmering altar of Xom.
  5341 | D:5      | Noticed Prince Ribbit
  5465 | D:5      | Killed Prince Ribbit
  5776 | D:6      | Noticed Eustachio
  5796 | D:6      | Killed Eustachio
  5796 | D:6      | Reached skill level 1 in Dodging
  5886 | D:6      | Reached skill level 8 in Maces & Flails
  5931 | D:6      | Found a bloodstained altar of Trog.
  6075 | D:6      | Reached XP level 9. HP: 75/75 MP: 9/9
  6220 | D:6      | Found Hisau's General Store.
  6548 | D:6      | Gained mutation: You have a pair of small horns on your head. [potion of mutation]
  6548 | D:6      | Gained mutation: Your mind is acute. (Int +2) [potion of mutation]
  6611 | D:7      | Identified 2 scrolls of acquirement
  6641 | D:7      | Reached * piety under the Shining One
  6698 | D:7      | Identified a +0 pair of boots of running (You acquired it on level 7 of the Dungeon)
  7166 | D:8      | Reached skill level 9 in Maces & Flails
  7186 | D:8      | Noticed Psyche
  7245 | D:8      | Noticed Joseph
  7266 | D:8      | Killed Joseph
  7266 | D:8      | Reached skill level 1 in Stealth
  7420 | D:8      | Noticed Pikel
  7444 | D:8      | Killed Pikel
  7497 | D:8      | Noticed Maurice
  7507 | D:8      | Reached XP level 10. HP: 71/86 MP: 10/10
  7513 | D:8      | Killed Maurice
  7513 | D:8      | Reached skill level 10 in Maces & Flails
  7541 | D:8      | Found a staircase to the Lair.
  7545 | D:8      | Reached ** piety under the Shining One
  7785 | D:8      | Killed Psyche
  7785 | D:8      | Reached skill level 11 in Maces & Flails
  8330 | Lair:1   | Entered Level 1 of the Lair of Beasts
  9662 | Lair:2   | Noticed a spiny frog
  9671 | Lair:2   | Killed a spiny frog
  9671 | Lair:2   | Reached XP level 11. HP: 77/95 MP: 11/11
  9894 | Lair:2   | Found a staircase to the Swamp.
 10122 | Lair:2   | Reached skill level 1 in Evocations
 10356 | Lair:2   | Noticed a six-headed hydra
 10367 | Lair:2   | Killed a six-headed hydra
 10367 | Lair:2   | Reached skill level 12 in Maces & Flails
 10996 | Swamp:1  | Entered Level 1 of the Swamp
 10996 | Swamp:1  | Noticed an alligator
 11011 | Swamp:1  | Killed an alligator
 11011 | Swamp:1  | Reached skill level 10 in Armour
 11210 | Lair:3   | Noticed a six-headed hydra
 11221 | Lair:3   | Killed a six-headed hydra
 11415 | Lair:3   | Noticed a four-headed hydra
 11459 | Lair:3   | Killed a four-headed hydra
 11469 | Lair:3   | Reached XP level 12. HP: 100/106 MP: 13/13
 11471 | Lair:3   | Reached skill level 10 in Fighting
 11834 | Lair:3   | Found a staircase to the Snake Pit.
 11888 | Lair:3   | Noticed a five-headed hydra
 11903 | Lair:3   | Killed a five-headed hydra
 12255 | Lair:3   | Reached skill level 10 in Shields
 12920 | Snake:1  | Entered Level 1 of the Snake Pit
 13188 | Snake:1  | Noticed a shock serpent
 13211 | Snake:1  | Noticed a naga sharpshooter
 13281 | Snake:1  | Noticed a naga sharpshooter
 13637 | Snake:1  | HP: 3/110 [shock serpent (13)]
 13637 | Snake:1  | Slain by a salamander

Skill      XL: |  1  2  3  4  5  6  7  8  9 10 11 12 |
---------------+-------------------------------------+-----
Shields        | 4 5 6 7 8 9 10 | 10.6
Maces & Flails | 3 5 6 8 9 11 12 | 12.8
Fighting       | 4 5 6 7 8 9 11 | 11.2
Armour         | 4 5 6 7 8 10 11 | 11.6
Dodging        | 1 2 |  2.8
Stealth        | 1 |  1.3
Evocations     | 2 |  2.1

Action                   |  1- 3 |  4- 6 |  7- 9 | 10-12 || total
-------------------------+-------+-------+-------+-------++-------
Melee: Flail             |   159 |   136 |   413 |    24 ||   732
       Headbutt          |       |       |    16 |   117 ||   133
       Whip              |       |       |     5 |   553 ||   558
Evoke: Wand              |       |       |       |     9 ||     9
  Use: Scroll            |     4 |       |    11 |    15 ||    30
       Potion            |       |     2 |     6 |     9 ||    17
  Eat: Chunk             |     4 |       |     9 |    10 ||    23
       Meat ration       |       |     1 |     1 |     2 ||     4
       Bread ration      |       |       |     1 |       ||     1
Armor: Scale mail        |    74 |     2 |       |       ||    76
       Chain mail        |       |    59 |   225 |   188 ||   472
Dodge: Dodged            |    50 |    22 |    85 |   100 ||   257
Block: Shield            |    71 |    60 |   189 |   183 ||   503
